 Dungeon Crawl Stone Soup version 0.28.0 (webtiles) character file.

Game seed: 4365290588415174468

58 issech the Cudgeller (level 3, -4/36 HPs)
             Began as a Troll Monk on Feb 17, 2022.
             Slain by a gnoll (6 damage)
             ... on level 2 of the Dungeon.
             The game lasted 00:03:42 (999 turns).

issech the Cudgeller (Troll Monk)                    Turns: 999, Time: 00:03:42

Health: -4/36      AC:  4    Str: 19    XL:     3   Next: 76%
Magic:  2/2        EV: 10    Int:  6    God:
Gold:   47         SH:  0    Dex: 14    Spells: 2/2 levels left

rFire   . . .      SeeInvis .   a - +0 mace
rCold   . . .      Faith    .   (no shield)
rNeg    . . .      Spirit   .   b - +0 robe
rPois   .          Reflect  .   (helmet restricted)
rElec   .          Harm     .   (no cloak)
rCorr   .          Rampage  .   (gloves unavailable)
Will    +....                   (boots unavailable)
Stlth   ++........              (no amulet)
HPRegen 0.92/turn               i - ring of willpower
MPRegen 0.08/turn               (no ring)

@: no status effects
A: large, unfitting armour, claws 3, regeneration 1, shaggy fur 1, tough skin 1
a: no special abilities


You were on level 2 of the Dungeon.
You visited 1 branch of the dungeon, and saw 2 of its levels.

You collected 47 gold pieces.

Inventory:

Hand Weapons
 a - a +0 mace (weapon)
Missiles
 c - 126 stones (quivered)
 d - 4 poisoned darts
 e - 12 sling bullets
 j - 17 arrows
Armour
 b - a +0 robe (worn)
Jewellery
 i - a ring of willpower (left claw)
Scrolls
 h - 3 scrolls of immolation {unknown}
Potions
 f - a potion of degeneration {unknown}
 g - a potion of brilliance {unknown}


   Skills:
 + Level 2.9 Fighting
 + Level 3.6 Maces & Flails
 + Level 2.8 Dodging
 + Level 1.0 Stealth


You had 2 spell levels left.
You didn't know any spells.
Your spell library contained the following spells:

 Spells                   Type           Power      Damage    Failure   Level
 Ensorcelled Hibernation  Hex/Ice        0%         N/A       58%         2
 Spider Form              Tmut/Pois      0%         N/A       83%         3
 Anguish                  Hex/Necr       0%         N/A       99%         4


Dungeon Overview and Level Annotations

Branches:
Dungeon (2/15)

Altars:


Innate Abilities, Weirdness & Mutations

You are too large for most types of armour.
You have claws for hands.
Your natural rate of healing is unusually fast.
You are covered in fur. (AC +1)
You have tough skin. (AC +1)


Message History

The worm is moderately wounded.
The worm bites you!
You hit the worm but do no damage.
The worm is moderately wounded.
The worm bites you but does no damage.
You hit the worm.
The worm is heavily wounded.
The worm bites you!
You hit the worm.
The worm is heavily wounded.
The worm bites you.
You hit the worm.
The worm is severely wounded.
You sock the worm!
You kill the worm!
You see here a worm corpse.
You now have 47 gold pieces (gained 10). 4 gnolls come into view.
The gnoll shouts! x2
The gnoll hits you with a +0 club.
You hit the gnoll.
The gnoll is moderately wounded.
The gnoll hits you with a +0 club.
You thump the gnoll! You claw the gnoll.
You kill the gnoll!
The gnoll hits you with a +0 flail. The gnoll hits you but does no damage.
You barely miss the gnoll. The gnoll hits you with a +0 flail!
The gnoll hits you from afar with a +0 spear.
The gnoll shouts!
You thump the gnoll!
The gnoll is severely wounded.
The gnoll hits you with a +0 flail!
The gnoll hits you from afar with a +0 spear!
* * * LOW HITPOINT WARNING * * *
The gnoll barely misses you.
There is a stone staircase leading up, spattered with blood here.
The gnoll hits you with a +0 flail!
* * * LOW HITPOINT WARNING * * *
The gnoll hits you with a +0 spear.
You die...

### ..# #.#
##.##
#####...###
#.......g.#
.###..@#.######
##.†g......#
#..#.####.#
#..#g#
.........#.#
########.#.#
#.#.# #.#)#
#.#.#


You could see 3 gnolls.

Vanquished Creatures
  2 gnolls
  A worm (D:2)
  A dart slug (D:1)
  2 endoplasms (D:1)
  7 goblins (D:1)
  3 hobgoblins (D:1)
  2 jackals (D:1)
  A quokka (D:1)
  A ball python (D:1)
  6 bats (D:1)
  3 frilled lizards (D:1)
  2 kobolds (D:1)
  A rat (D:1)
32 creatures vanquished.

Vanquished Creatures (others)
  3 withered plants (D:2)
3 creatures vanquished.

Grand Total: 35 creatures vanquished

Notes
Turn   | Place    | Note
-------+----------+-------------------------------------------
     0 | D:1      | issech the Troll Monk began the quest for the Orb.
     0 | D:1      | Reached XP level 1. HP: 22/22 MP: 0/0
   199 | D:1      | Reached XP level 2. HP: 28/29 MP: 1/1
   232 | D:1      | Found a faded altar of an unknown god.
   249 | D:1      | Reached skill level 3 in Maces & Flails
   319 | D:1      | Reached XP level 3. HP: 36/36 MP: 2/2
   999 | D:2      | Slain by a gnoll

Illustrated notes

Levels and vault maps discovered:
D:1:      dpeg_arrival_morbid_curiosity, layout_basic, basic_ecumenical_altar,
          chequers_serial_rivers_small_a
D:2:      layout_loops_ring, basic_altar, serial_undead, serial_undead_e,
          serial_undead_a, serial_undead_f, serial_undead_b, serial_undead_e,
          serial_undead_c, serial_undead_b, uniq_natasha

Skill      XL: |  1  2 |
---------------+-------+-----
Maces & Flails | 3 |  3.6
Fighting       | |  2.9
Dodging        | |  2.8
Stealth        | |  1.0

Action                   || total
-------------------------++-------
Melee: Mace              ||   102
       Punch             ||     1
 Stab: Sleeping          ||     1
Armor: Robe              ||    63
Dodge: Dodged            ||    69
